 Dungeon Crawl Stone Soup version 0.28-a0-1182-g381e24db82 (webtiles) character file.

Game seed: 16599630281664831452

162 spaghetti the Sneak (level 5, 0/32 HPs)
             Began as an Octopode Delver on Dec 16, 2021.
             Was an Initiate of Gozag.
             Slain by Erica (3 damage)
             ... on level 8 of the Dungeon.
             The game lasted 00:05:00 (2698 turns).

spaghetti the Sneak (Octopode Delver)               Turns: 2698, Time: 00:05:01

Health: 0/32       AC:  1    Str: 12    XL:     5   Next: 43%
Magic:  5/5        EV: 13    Int: 14    God:    Gozag
Gold:   73         SH:  0    Dex: 11    Spells: 4/4 levels left

rFire   . . .      SeeInvis .     - Unarmed
rCold   . . .      Faith    .   (no shield)
rNeg    . . .      Spirit   .   (helmet restricted)
rPois   .          Reflect  .   (no amulet)
rElec   .          Harm     .   (no ring)
rCorr   .          Rampage  .   (no ring)
Will    +....                   (no ring)
Stlth   ++++......              (no ring)
HPRegen 0.10/turn               (no ring)
MPRegen 0.09/turn               (no ring)
                                (no ring)
                                (no ring)

@: no status effects
A: almost no armour, amphibious, 8 rings, camouflage 1, gelatinous body 1,
(nimble swimmer 1), tentacles, clumsy 1, frail 1, strong-willed 1
a: Renounce Religion, Potion Petition, Call Merchant, Bribe Branch


You were on level 8 of the Dungeon.
You worshipped Gozag.
Gozag was noncommittal.
You visited 2 branches of the dungeon, and saw 5 of its levels.

You collected 156 gold pieces.
You paid 83 gold pieces to Gozag.


Innate Abilities, Weirdness & Mutations

You cannot wear most types of armour.
You are amphibious.
You can wear up to eight rings at the same time.
Your skin changes colour to match your surroundings (Stealth+).
Your rubbery body absorbs attacks. (AC +1, EV +1)
((You are camouflaged near water. (Stealth+)))
You have tentacles for arms and can constrict up to eight enemies at once.
You are clumsy. (Dex -2)
You are frail. (-10% HP)
You are strong-willed. (Will+)


   Skills:
 - Level 3.0 Fighting
 - Level 2.0 Dodging
 - Level 6.6 Stealth
 + Level 5.5 Unarmed Combat


You had 4 spell levels left.
You didn't know any spells.
Your spell library was empty.

Inventory:

Missiles
 f - 13 sling bullets
 g - 20 stones (quivered) {throwing}
Wands
 e - a wand of digging (3)
Scrolls
 a - a scroll of fog
 b - a scroll of magic mapping {!r}
 c - 2 scrolls of fear

Dungeon Overview and Level Annotations

Branches:
Dungeon (8/15)             Temple (1/1) D:7
   Lair: D:8-11

Altars:
Ashenzari
Cheibriados
Dithmenos
Elyvilon
Gozag
Hepliaklqana
Kikubaaqudgha
Makhleb
Nemelex Xobeh
Okawaru
Ru
Uskayaw
Yredelemnul
The Shining One

Shops:
D:5 (

Annotations:
D:5 exclusion: ogre
D:6 exclusion: bullfrog
D:7 exclusions: black bear, 2 bullfrogs, ice beast, skeleton, water moccasin and 2 wights
D:8 Erica

#.# #.# #.#
##.## ...
##.## #
##...#.#####
#.<.@@......
##...#######
##.## #.#
#.# #+#


You could see Erica.


Message History

Okay, then.
Press: ? - help, v - describe, . - travel
Here: a water moccasin (wandering, hasn't noticed you)
The floor.
Placed new exclusion.
A water moccasin is nearby!
Found a stone staircase leading down.
You now have 47 gold pieces (gained 6).
d - an emerald potion It was a potion of heal wounds.
You feel much better.
Unknown command.
A bullfrog skeleton comes into view.
The bullfrog skeleton closely misses you.
You tentacle-slap the bullfrog skeleton.
Your grab misses the bullfrog skeleton. The bullfrog skeleton misses you.
You tentacle-slap the bullfrog skeleton.
You grab the bullfrog skeleton. You squeeze the bullfrog skeleton.
You constrict the bullfrog skeleton.
The bullfrog skeleton barely misses you.
The bullfrog skeleton completely misses you.
You tentacle-slap the bullfrog skeleton.
You squeeze the bullfrog skeleton. You constrict the bullfrog skeleton.
The bullfrog skeleton misses you.
You tentacle-slap the bullfrog skeleton.
You destroy the bullfrog skeleton!
No target in view!
No target in view!
No target in view!
No target in view!
No target in view!
No target in view!
No target in view!
No target in view!
No target in view!
No target in view!
No target in view!
No target in view!
No target in view!
No target in view!
You now have 53 gold pieces (gained 6).
Found a stone staircase leading up.
A bullfrog comes into view.
A bullfrog is nearby!
You start waiting.
Done waiting.
Press: ? - help, . - travel You can't see that place. [the floor.] Placed new exclusion.
You now have 73 gold pieces (gained 20).
A black bear comes into view.
Press: ? - help, v - describe, . - travel
Here: a black bear (asleep)
The floor.
Placed new exclusion.
Found a stone staircase leading down.
(D) Dungeon (T) Temple
Where to? (Enter - Temple @ (x,y), ? - help) Unknown command.
Unknown command.
(D) Dungeon (T) Temple
Where to? (Enter - D:8, ? - help)
There is a stone staircase leading down here.
You climb downwards.
There is a stone staircase leading up here.
Erica is nearby!
Unknown command.
Unknown command.
Unknown command.
Unknown command.
Press: ? - help, v - describe, . - travel
Here: Erica, wielding a +0 scimitar of flaming and wearing a +0 robe (asleep)
The floor.
You aren't carrying any potions.
Unknown command.
Okay, then.
The helpless Erica fails to defend herself.
You tentacle-slap Erica. Your grab misses Erica. You tentacle-slap Erica.
You grab Erica. You constrict Erica.
Erica says, "Fast and perfect.
Such is my way of killing."
Erica hits you with a +0 scimitar of flaming!
Erica burns you.
* * * LOW HITPOINT WARNING * * *
😨 HP[-16]
You take 16 damage, and now have 16/32 hp.
MASSIVE DAMAGE!! (PAUSE)
You aren't carrying any potions.
Okay, then.
You completely miss Erica. You constrict Erica, but do no damage.
Erica closely misses you.
You tentacle-slap Erica. You squeeze Erica. You constrict Erica.
Erica gestures at you while chanting. The lance of force misses you. 😮 HP[+1]
You bludgeon Erica! You constrict Erica.
Erica hits you with a +0 scimitar of flaming!
* * * LOW HITPOINT WARNING * * *
Erica burns you.
You die...
Your body crumbles into a pile of gold.

Skill      XL: |  1  2  3  4 |
---------------+-------------+-----
Unarmed Combat | 3 4 5 |  5.5
Fighting       | |  3.0
Dodging        | |  2.0
Stealth        | |  6.6

Action                   |  1- 3 |  4- 6 || total
-------------------------+-------+-------++-------
Melee: Unarmed           |    11 |    18 ||    29
       Tentacles         |     3 |     5 ||     8
       Constrict         |     2 |     5 ||     7
       Punch             |       |     1 ||     1
  Use: Scroll            |     2 |     1 ||     3
       Potion            |     1 |     2 ||     3
 Stab: Sleeping          |       |     1 ||     1
Dodge: Dodged            |    11 |    11 ||    22

Levels and vault maps discovered:
D:5:      layout_loops_corners, mainiacjoe_overflow_brackets, serial_shops,
          nicolae_stop_n_shop_1, nicolae_shop_advertising_works
          [nicolae_subvault_shop_adworks], kennysheep_mini_moat,
          kennysheep_little_box, shop, nicolae_underground_beach, uniq_edmund
D:6:      layout_loops_cross, doesnt_xom_only_xom, vehumet_statue,
          uniq_blork_the_orc
D:7:      layout_layer_cave, minmay_temple_entry_nine_rooms
D:8:      layout_loops_corners, trog_three_pillars_becter, uniq_prince_ribbit1,
          uniq_erica
Temple:   eino_temple_water

Notes
Turn   | Place    | Note
-------+----------+-------------------------------------------
     0 | D:5      | spaghetti the Octopode Delver began the quest for the Orb.
     0 | D:5      | Reached XP level 1. HP: 16/16 MP: 1/1
     0 | D:5      | magus.rc [v1.9.6]
    54 | D:5      | Noticed an ogre
    78 | D:5      | Noticed a hound
    85 | D:5      | HP: 3/16 [hound (2)]
    86 | D:5      | Killed a hound
    87 | D:5      | Reached skill level 3 in Unarmed Combat
    87 | D:5      | Reached XP level 2. HP: 4/21 MP: 2/2
    87 | D:5      | Reached XP level 3. HP: 5/26 MP: 3/3
   431 | D:5      | Found Pykhleag's Weapon Shop.
   473 | D:5      | HP: 5/26 [something (3)]
   843 | D:6      | Noticed a bullfrog
   991 | D:7      | Reached skill level 4 in Unarmed Combat
   991 | D:7      | Reached XP level 4. HP: 26/31 MP: 4/4
  1236 | D:7      | Noticed an ice beast
  1432 | D:7      | Gained mutation: You are strong-willed. (Will+) [potion of
                  | mutation]
  1432 | D:7      | Gained mutation: You are clumsy. (Dex -2) [potion of
                  | mutation]
  1432 | D:7      | Gained mutation: You are frail. (-10% HP) [potion of
                  | mutation]
  1599 | D:7      | Noticed a bullfrog
  1704 | D:7      | Found a staircase to the Ecumenical Temple.
  1710 | Temple   | Entered the Ecumenical Temple
  1844 | Temple   | Became a worshipper of Gozag Ym Sagoz the Greedy
  1983 | D:7      | Killed a bullfrog
  1984 | D:7      | Reached skill level 5 in Unarmed Combat
  1984 | D:7      | Reached XP level 5. HP: 16/32 MP: 5/5
  2413 | D:7      | Noticed a water moccasin
  2655 | D:7      | Noticed a black bear
  2691 | D:8      | Noticed Erica
  2698 | D:8      | HP: 3/32 [Erica (14)]
  2698 | D:8      | Slain by Erica

Vanquished Creatures
  A bullfrog (D:7)
  2 hounds
  A bullfrog skeleton (D:7)
  A howler monkey skeleton (D:7)
  An orc (D:7)
6 creatures vanquished.

Table legend:
 A = Non-vault XP
 B = Vault XP
 C = Vault XP percentage of total XP
 D = Non-vault monster count
 E = Vault monster count
 F = Vault count percentage of total count
                 A         B        C        D         E       F
            +---------+---------+-------+---------+---------+-------
      Total |     232 |       0 |   0.0 |       6 |       0 |   0.0
            +---------+---------+-------+---------+---------+-------
        D:5 |      43 |       0 |   0.0 |       1 |       0 |   0.0
        D:7 |     189 |       0 |   0.0 |       5 |       0 |   0.0
            +---------+---------+-------+---------+---------+-------

Illustrated notes

Table legend:
 A = Kills in this place as a percentage of kills in entire the game.
 B = Kills by you in this place as a percentage of kills by you in the entire game.
 C = Kills by friends in this place as a percentage of kills by friends in the entire game.
 D = Other kills in this place as a percentage of other kills in the entire game.
 E = Experience gained in this place as a percentage of experience gained in the entire game.
 F = Experience gained in this place divided by the number of levels of this place that you have seen.
                   A       B       C       D       E      F
               +-------+-------+-------+-------+-------+----------------------
         Total | 100.0 | 100.0 |   N/A |   N/A | 100.0 |  46.4
       Dungeon | 100.0 | 100.0 |   N/A |   N/A | 100.0 |  58.0
               +-------+-------+-------+-------+-------+----------------------

Table legend: (Time is in decaauts)
 A = Elapsed time spent in this place.
 B = Non-inter-level travel time spent in this place.
 C = Inter-level travel time spent in this place.
 D = Time resting spent in this place.
 E = Time spent auto-exploring this place.
 F = Levels seen in this place.
 G = Mean time per level.
                   A        B        C        D        E       F      G
               +--------+--------+--------+--------+--------+-----+--------+
         Total |   2676 |   2612 |     64 |    766 |   1611 |   5 |  535.2 |
       Dungeon |   2525 |   2477 |     48 |    766 |   1496 |   4 |  631.2 |
        Temple |    150 |    134 |     16 |      0 |    115 |   1 |  150.0 |
               +--------+--------+--------+--------+--------+-----+--------+

Top non-repeatable levels by time:
     D:7: 1644 daAuts
     D:5: 649 daAuts
     D:6: 225 daAuts
  Temple: 150 daAuts
     D:8: 6 daAuts
